 Dungeon Crawl Stone Soup version 0.28-a0-401-ge240ad9e29 (webtiles) character file.

Game seed: 6448734838904930330

14949 sizableburger the Reanimator (level 12, -2/91 HPs)
             Began as a Human Necromancer on Sept 4, 2021.
             Was a Priest of Ignis.
             Slain by Rupert (14 damage)
             ... on level 2 of the Orcish Mines on Sept 5, 2021.
             The game lasted 01:08:35 (19333 turns).

sizableburger the Reanimator (Human Necromancer)   Turns: 19333, Time: 01:08:36

Health: -2/91      AC: 18    Str:  9    XL:     12   Next: 51%
Magic:  0/24       EV: 18    Int: 20    God:    Ignis [***...]
Gold:   906        SH:  0    Dex: 14    Spells: 4/27 levels left

rFire   + . .      SeeInvis .   m - +7 quarterstaff (chaos)
rCold   . . .      Faith    .   (shield currently unavailable)
rNeg    . . .      Spirit   +   a - +0 robe
rPois   .          Reflect  .   h - +2 helmet
rElec   .          Harm     .   e - +2 cloak
rCorr   .          Rampage  .   (no gloves)
Will    +....      Clarity  +   b - +2 pair of boots {Fly}
Stlth   ++........              n - amulet of guardian spirit
HPRegen 0.25/turn               y - ring of willpower
MPRegen 0.19/turn               J - +4 ring of evasion

@: ice-armoured, flying, studying Bows
A: talons 1, clarity
a: Renounce Religion, Sea of Fire, Foxfire Swarm, Rising Flame


You were on level 2 of the Orcish Mines.
You worshipped Ignis.
Ignis was most pleased with you.
You visited 2 branches of the dungeon, and saw 14 of its levels.
You also visited: Bailey and Gauntlet.

You collected 906 gold pieces.

Inventory:

Hand Weapons
 m - a +7 quarterstaff of chaos (weapon)
Missiles
 q - 6 javelins (quivered)
 u - a curare-tipped dart
Armour
 a - a +0 robe (worn)
 b - a +2 pair of boots of flying (worn)
 e - a +2 cloak (worn)
 h - a +2 helmet (worn)
 l - the +7 plate armour of Conscience {rC++ Int+6 Dex-5}
   (You found it on level 9 of the Dungeon)

   Int:       It affects your intelligence (+6).
   Dex:       It affects your dexterity (-5).
   rC:        It greatly protects you from cold.
Magical Staves
 w - a staff of earth
 D - a staff of cold
Jewellery
 i - an amulet of faith
 n - an amulet of guardian spirit (around neck)
 x - a ring of protection from fire
 y - a ring of willpower (left hand)
 A - the ring "Zolakh" {Fly rC+ Will++ Slay+4}
   (You found it in a Gauntlet)

   [ring of flight]

   Slay:      It affects your accuracy & damage with ranged weapons and melee
   (+4).
   rC:        It protects you from cold.
   Fly:       It grants you flight.
   Will:      It greatly increases your willpower.
 F - a ring of positive energy
 J - a +4 ring of evasion (right hand)
Wands
 k - a wand of polymorph (17)
 C - a wand of iceblast (4)
 G - a wand of charming (1)
Scrolls
 d - a scroll of summoning
 p - a scroll of vulnerability
 r - a scroll of fog
 t - a scroll of holy word
 L - a scroll of enchant weapon
Potions
 c - 2 potions of attraction
 f - a potion of haste
 g - 2 potions of cancellation
 v - a potion of mutation
 z - a potion of heal wounds
 E - a potion of brilliance
 I - a potion of lignification
Miscellaneous
 s - a phial of floods (inert)
 H - a lightning rod (2/4)
 K - a piece from Xom's chessboard (14/15)


   Skills:
 + Level 7.4 Fighting
 - Level 2.3 Short Blades
 - Level 7.8 Staves
 - Level 5.5 Dodging
 - Level 2.0 Stealth
 + Level 8.1 Spellcasting
 - Level 9.1 Necromancy
 - Level 6.0 Translocations
 + Level 5.7 Ice Magic
 + Level 4.3 Evocations


You had 4 spell levels left.
You knew the following spells:

 Your Spells              Type           Power      Damage    Failure   Level
a - Pain                  Necr           100%       1d9       1%          1
b - Vampiric Draining     Necr           22%        2d9       1%          3
c - Animate Dead          Necr           22%        N/A       1%          4
d - Agony                 Necr           44%        N/A       5%          5
e - Lesser Beckoning      Tloc           32%        N/A       2%          3
f - Passage of Golubria   Tloc           N/A        N/A       7%          4
g - Ozocubu's Armour      Ice            31%        N/A       2%          3

Your spell library contained the following spells:

 Spells                   Type           Power      Damage    Failure   Level
 Animate Skeleton         Necr           88%        N/A       1%          1
 Gell's Gravitas          Tloc           16%        N/A       2%          3
 Teleport Other           Tloc           32%        N/A       2%          3
 Ensorcelled Hibernation  Hex/Ice        38%        N/A       4%          2
 Portal Projectile        Hex/Tloc       40%        N/A       8%          3
 Corona                   Hex            8%         N/A       9%          1
 Call Canine Familiar     Summ           8%         N/A       26%         3
 Tukima's Dance           Hex            8%         N/A       26%         3
 Leda's Liquefaction      Hex/Erth       4%         N/A       63%         4
 Silence                  Hex/Air        4%         N/A       93%         5
 Ozocubu's Refrigeration  Ice            15%        4d8       100%        7
 Lehudib's Crystal Spear  Conj/Erth      4%         10d3      100%        8


Dungeon Overview and Level Annotations

Branches:
Dungeon (12/15)            Temple (0/1) D:5            Lair (0/6) D:9
    Orc (2/2) D:9          Bailey (visited)         Gauntlet (visited)
    Elf: Orc:2

Altars:
Elyvilon
Trog
Vehumet
Wu Jian
Yredelemnul
Ignis

Shops:
D:1 :   D:6 =   Orc:1 *[!*   Orc:2 [[

Annotations:
D:11 Snorg
D:12 Josephine
Orc:2 Rupert


Innate Abilities, Weirdness & Mutations

You have sharp toenails.
You possess an exceptional clarity of mind.


Message History

You draw life force from Rupert!
You feel life coursing into your body. Rupert hits you but does no damage.
The orc hits you but does no damage. Rupert barely misses you.
Casting: Vampiric Draining (safe; 1% risk of failure)
Confirm with . or Enter, or press ? or * to list all spells.
Aiming: Vampiric Draining (safe; 1% risk of failure)
Press: ? - help, Shift-Dir - straight line, f/p - Rupert
Aim: Rupert, wielding a +2 battleaxe of freezing and wearing a +0 ring mail (severely wounded, berserk, fast)
You draw life force from Rupert!
You feel life coursing into your body. Rupert hits you but does no damage.
The orc wizard gestures wildly while chanting.
The orc wizard flickers and vanishes!
You make a move on Xom's chessboard...
The orc suddenly stops moving!
Rupert closely misses you. x2
Aiming: Thunderbolt
Press: ? - help, Shift-Dir - straight line, f - orc, p - Rupert
Aim: an orc, wielding a +0 dagger and wearing a +0 ring mail The thunderbolt hits something!
The thunderbolt hits the orc.
The orc is moderately wounded.
The thunderbolt hits something!
Reactivating autopickup.
You feel a bit more experienced.
The thunderbolt hits Rupert!
Rupert is almost dead.
Rupert hits you with a +2 battleaxe of freezing!!
Rupert freezes you. Something hits you but does no damage.
Deactivating autopickup; reactivate with Ctrl-A.
Unknown command.
Aiming: Thunderbolt
Press: ? - help, Shift-Dir - straight line, f/p - orc
Aim: an orc, wielding a +0 dagger and wearing a +0 ring mail (moderately wounded)
The thunderbolt hits the orc!!
You kill the orc!
The thunderbolt hits something!
Reactivating autopickup.
You feel a bit more experienced.
The thunderbolt hits Rupert!!
Rupert is almost dead.
Rupert hits you with a +2 battleaxe of freezing!!
* * * LOW HITPOINT WARNING * * *
Rupert freezes you!
You die...

##............≈...## ..
#............≈.≈..#
#.#####...#...#..≈...≈.##
.#.####..#.....≈..∩..≈.# ##
###...# #####.....≈...≈.## ...
##.....# ###).....≈.≈..#
...###.....######.[)......≈...##
...#........#.##...............#
..@............#@.............##
.........##...o@.o...#.......##
........####..)....###........##
#......###.##.....####.........#
....[<..$...).......##........##
...........)...#......)))....##
..#..#<........##...........## .
#####........##..........##
#.........##.........##


You could see Rupert (berserk, fast) and 2 orcs.

Vanquished Creatures
  A minotaur (Gauntlet)
  A hell hog (Gauntlet)
  3 two-headed ogres
  An orc knight (Orc:2)
  A cyclops (Orc:1)
  An unseen horror (D:7)
  A komodo dragon (D:11)
  2 wolf spider simulacra (Gauntlet)
  2 trolls
  Grinder (D:5)
  A hornet (shapeshifter) (Orc:1)
  Sigmund (D:3)
  6 wyverns
  2 shadows
  6 yaks
  Grum (D:11)
  3 vampire mosquitoes (D:11)
  An acid dragon (D:9)
  A water moccasin (D:9)
  16 orc warriors
  7 black bears
  2 ogres
  3 wolves (D:11)
  A phantom (D:6)
  3 centaurs
  4 kobold brigands
  3 bullfrogs
  3 scorpions
  2 gnoll sergeants
  A water moccasin zombie (D:6)
  6 killer bees
  3 wights (D:8)
  3 centaur zombies
  2 hounds (D:4)
  9 orc priests
  Crazy Yiuf (D:3)
  Terence (D:3)
  Ijyb (D:3)
  An iguana (D:4)
  15 orc wizards
  A hound skeleton (D:4)
  21 gnolls
  A howler monkey skeleton (D:5)
  9 adders
  A shadow imp (D:7)
  A white imp (D:8)
  An ufetubus (D:2)
  3 worms (D:2)
  2 dart slugs
  54 orcs
  4 ball pythons
  4 endoplasms
  4 giant cockroaches
  5 goblins
  5 hobgoblins
  13 jackals
  26 kobolds
  A quokka (D:3)
  4 bats
  6 frilled lizards
  7 rats
296 creatures vanquished.

Vanquished Creatures (collateral kills)
  A manticore (D:9)
  A yak (D:9)
  2 water moccasins (D:9)
  An iguana (D:4)
  3 gnolls
  2 orcs
  2 kobolds (D:6)
12 creatures vanquished.

Vanquished Creatures (others)
  59 fungi (D:9)
  42 plants (D:9)
  4 toadstools (D:1)
105 creatures vanquished.

Grand Total: 413 creatures vanquished

Notes
Turn   | Place    | Note
-------+----------+-------------------------------------------
     0 | D:1      | sizableburger the Human Necromancer began the quest for the
                  | Orb.
     0 | D:1      | Reached XP level 1. HP: 13/13 MP: 3/3
   260 | D:1      | Reached XP level 2. HP: 11/20 MP: 0/5
   656 | D:1      | Reached skill level 1 in Fighting
   761 | D:1      | Found Gaig's Book Shop.
   864 | D:1      | Reached XP level 3. HP: 21/26 MP: 0/6
  1099 | D:1      | Found a faded altar of an unknown god.
  1120 | D:1      | Became a worshipper of Ignis, the Dying Flame
  1371 | D:2      | Upgraded the game from 0.28-a0-390-gb254ac4902 to
                  | 0.28-a0-401-ge240ad9e29
  1401 | D:2      | Learned a level 3 spell: Vampiric Draining
  1925 | D:2      | Reached XP level 4. HP: 18/33 MP: 0/7
  2113 | D:2      | Found a white marble altar of Elyvilon.
  2747 | D:3      | Noticed Sigmund
  2927 | D:3      | Killed Sigmund
  2928 | D:3      | Reached skill level 5 in Necromancy
  2928 | D:3      | Reached XP level 5. HP: 36/40 MP: 2/10
  2928 | D:3      | Reached XP level 6. HP: 42/46 MP: 2/11
  3083 | D:3      | Noticed Ijyb
  3094 | D:3      | Killed Ijyb
  3444 | D:3      | Found a runed translucent door.
  3445 | D:3      | Noticed Crazy Yiuf
  3459 | D:3      | Killed Crazy Yiuf
  3688 | D:3      | Noticed Terence
  3691 | D:3      | Killed Terence
  3827 | D:3      | Reached XP level 7. HP: 52/52 MP: 12/12
  4040 | D:3      | Learned a level 4 spell: Animate Dead
  4217 | D:4      | Reached skill level 1 in Staves
  4991 | D:5      | Entered Level 5 of the Dungeon
  5530 | D:5      | Reached skill level 6 in Necromancy
  5530 | D:5      | Reached XP level 8. HP: 54/58 MP: 6/14
  5749 | D:5      | Noticed Grinder
  5754 | D:5      | Killed Grinder
  5755 | D:5      | Reached skill level 5 in Spellcasting
  5907 | D:5      | Found a staircase to the Ecumenical Temple.
  6723 | D:6      | Reached skill level 7 in Necromancy
  6723 | D:6      | Reached XP level 9. HP: 61/64 MP: 15/17
  6729 | D:6      | Learned a level 5 spell: Agony
  7236 | D:6      | Reached skill level 5 in Staves
  7586 | D:6      | Found Lomoam's Jewellery Emporium.
  7640 | D:6      | Found a bloodstained altar of Trog.
  7897 | D:7      | Found a flagged portal.
  7925 | D:7      | HP: 2/64 [orc warrior (21)]
  8361 | Bailey   | Entered a bailey
  8795 | Bailey   | Reached skill level 8 in Necromancy
  9452 | D:7      | Reached XP level 10. HP: 70/70 MP: 10/20
  9684 | D:7      | Killed an unseen horror
 10189 | D:7      | Learned a level 3 spell: Lesser Beckoning
 10662 | D:8      | Reached skill level 9 in Necromancy
 10662 | D:8      | Reached skill level 1 in Translocations
 11083 | D:8      | Found an ornate altar of the Wu Jian Council.
 11114 | D:8      | Found a radiant altar of Vehumet.
 11324 | D:8      | Found a basalt altar of Yredelemnul.
 12110 | D:9      | Reached XP level 11. HP: 55/78 MP: 0/22
 12225 | D:9      | Learned a level 4 spell: Passage of Golubria
 12229 | D:9      | Learned a level 3 spell: Ozocubu's Armour
 12263 | D:9      | Reached skill level 1 in Ice Magic
 12426 | D:9      | Noticed a manticore
 12456 | D:9      | Killed a manticore
 12457 | D:9      | Reached skill level 5 in Fighting
 12464 | D:9      | Reached skill level 5 in Dodging
 12707 | D:9      | Found a staircase to the Lair.
 13834 | D:9      | Noticed a two-headed ogre
 13864 | D:9      | Killed a two-headed ogre
 14072 | D:9      | Identified the +7 plate armour of Conscience {rC++ Int+6
                  | Dex-5}
 14280 | D:9      | Reached skill level 5 in Translocations
 14281 | D:9      | Found a staircase to the Orcish Mines.
 14688 | D:10     | Entered Level 10 of the Dungeon
 15704 | D:11     | Reached skill level 1 in Evocations
 15840 | D:11     | Noticed a two-headed ogre
 15975 | D:11     | Killed a two-headed ogre
 16006 | D:11     | Noticed a two-headed ogre
 16100 | D:11     | Killed a two-headed ogre
 16241 | D:11     | Noticed Grum
 16268 | D:11     | Killed Grum
 16269 | D:11     | Reached XP level 12. HP: 78/89 MP: 7/23
 16441 | D:11     | Noticed a two-headed ogre
 16455 | D:12     | Noticed Josephine
 16455 | D:12     | Noticed a centaur warrior
 16466 | D:11     | Gained mutation: You possess an exceptional clarity of
                  | mind. [potion of mutation]
 16466 | D:11     | Gained mutation: You have sharp toenails. [potion of
                  | mutation]
 16740 | D:12     | Found a gate leading to a gauntlet.
 16749 | Gauntlet | Entered a Gauntlet
 16749 | Gauntlet | Found a large runed translucent door.
 16749 | Gauntlet | Found a large runed translucent door.
 16749 | Gauntlet | Found a large runed translucent door.
 16749 | Gauntlet | Found a large runed translucent door.
 16749 | Gauntlet | Found a large runed translucent door.
 16749 | Gauntlet | Found a large runed translucent door.
 16749 | Gauntlet | Found a runed translucent door.
 16749 | Gauntlet | Found a transporter.
 16749 | Gauntlet | Found a runed translucent door.
 16749 | Gauntlet | Found a large runed translucent door.
 16749 | Gauntlet | Found a large runed translucent door.
 16749 | Gauntlet | Found a large runed translucent door.
 16749 | Gauntlet | Found a large runed translucent door.
 16749 | Gauntlet | Found a large runed translucent door.
 16749 | Gauntlet | Found a large runed translucent door.
 16750 | Gauntlet | Found a large runed translucent door.
 16750 | Gauntlet | Found a large runed translucent door.
 16750 | Gauntlet | Found a large runed translucent door.
 16750 | Gauntlet | Found a large runed translucent door.
 16753 | Gauntlet | Found a transporter.
 16754 | Gauntlet | Found a runed translucent gate.
 16754 | Gauntlet | Found a runed translucent gate.
 16754 | Gauntlet | Found a runed translucent gate.
 16755 | Gauntlet | Noticed a quicksilver ooze
 16756 | Gauntlet | Found a transporter.
 16756 | Gauntlet | Found a transporter.
 16759 | Gauntlet | Found a transporter.
 16760 | Gauntlet | Found a transporter.
 16764 | Gauntlet | Noticed a death yak
 16764 | Gauntlet | Noticed a death yak
 16764 | Gauntlet | Noticed a catoblepas
 16764 | Gauntlet | Noticed a death yak
 16766 | Gauntlet | Noticed a death yak
 16773 | Gauntlet | Found a transporter.
 16795 | Gauntlet | Noticed a hell hog
 16799 | Gauntlet | Found a transporter.
 16804 | Gauntlet | Found a transporter.
 16808 | Gauntlet | Found a transporter.
 16817 | Gauntlet | Found a transporter.
 16825 | Gauntlet | Found a runed translucent door.
 17059 | Gauntlet | Identified the +0 hunting sling "Sunetz" {venom, rElec
                  | Will+}
 17308 | Gauntlet | Identified the ring "Zolakh" {Fly rC+ Will++ Slay+4}
 17326 | Gauntlet | Killed a hell hog
 17327 | Gauntlet | Reached skill level 5 in Ice Magic
 17367 | Gauntlet | Noticed a minotaur
 17639 | Gauntlet | Killed a minotaur
 17900 | D:11     | Noticed Snorg
 18004 | Orc:1    | Entered Level 1 of the Orcish Mines
 18008 | Orc:1    | Found Iliseh's Assorted Antiques.
 18227 | Orc:1    | Found Fuluot's Distillery.
 18461 | Orc:2    | Entered Level 2 of the Orcish Mines
 18461 | Orc:2    | Found Etunot's Armour Shoppe.
 18760 | Orc:2    | Found Gosul's Antique Armour Shoppe.
 18991 | Orc:1    | Found Lehiafu's Antique Armour Boutique.
 19009 | Orc:2    | Noticed Rupert
 19015 | Orc:1    | Noticed an orc warlord
 19015 | Orc:1    | Found Apliwn's Assorted Antiques.
 19023 | Orc:2    | Found a radiant altar of Vehumet.
 19023 | Orc:2    | Noticed an ogre mage
 19333 | Orc:2    | Slain by Rupert

Illustrated notes

Levels and vault maps discovered:
D:1:      ldierk_walled_garden_2, layout_basic, serial_shops,
          nicolae_shop_trees, ebering_ecumenical_altar_rust, minmay_liquid_box,
          minmay_misc_feat_square
D:2:      layout_loops_ring, basic_altar
D:3:      layout_basic, uniq_terence, uniq_sigmund, uniq_crazy_yiuf_cottage,
          uniq_ijyb
D:4:      layout_loops_cross
D:5:      layout_loops_ring, temple_green, uniq_grinder
D:6:      layout_rooms, kennysheep_mini, serial_shops, nicolae_stop_n_shop_2,
          roderic_lattice_a, minmay_misc_feat_ornament, corner_web_ring,
          minivault_11
D:7:      layout_basic, enter_bailey_2
D:8:      layout_loops_ring, old_standard_altar,
          mainiacjoe_overflow_catwalk_spiral
D:9:      layout_basic, due_lair_maze_entry_diamond, david_orc_4
D:10:     layout_basic
D:11:     layout_loops_ring, uniq_snorg, uniq_grum
D:12:     gargoyle_guard, layout_cross, gammafunk_ghost_hydra_chop,
          gauntlet_entry_generic, uniq_josephine
Orc:1:    layout_caves, special_room [special_room_bee], serial_shops, shop,
          nicolae_shop_stone, shop, shop
Orc:2:    kennysheep_orc_mage_school, layout_diamond_mine, serial_shops, shop,
          nicolae_shop_statue_plus, nicolae_diamond_shop, shop_fountains,
          uniq_rupert

Skill      XL: |  1  2  3  4  5  6  7  8  9 10 11 12 |
---------------+-------------------------------------+-----
Fighting       | 1 2 3 4 6 7 |  7.4
Short Blades   | 2 |  2.3
Spellcasting   | 3 4 5 6 7 8 |  8.1
Necromancy     | 5 6 7 8 9 |  9.1
Staves         | 2 4 6 7 |  7.8
Translocations | 3 5 6 |  6.0
Dodging        | 4 5 |  5.5
Ice Magic      | 4 5 |  5.7
Evocations     | 2 4 |  4.3
Stealth        | |  2.0

Action                   |  1- 3 |  4- 6 |  7- 9 | 10-12 || total
-------------------------+-------+-------+-------+-------++-------
Melee: Unarmed           |    10 |       |       |       ||    10
       Dagger            |    27 |    89 |       |       ||   116
       Quarterstaff      |       |     8 |   221 |   406 ||   635
Throw: Dart              |       |       |       |     2 ||     2
       Throwing net      |       |       |       |     6 ||     6
 Cast: Pain              |    61 |    21 |    61 |    23 ||   166
       Vampiric Draining |       |    13 |    46 |   114 ||   173
       Animate Dead      |       |       |     4 |    13 ||    17
       Agony             |       |       |     3 |    13 ||    16
       Ozocubu's Armour  |       |       |       |    13 ||    13
Invok: Rising Flame      |       |       |     1 |     1 ||     2
Evoke: Wand              |       |       |       |    17 ||    17
       Lightning rod     |       |       |       |     2 ||     2
       Phial of floods   |       |       |       |     1 ||     1
       Piece from Xom's  |       |       |       |     1 ||     1
  Use: Scroll            |       |       |    15 |    17 ||    32
       Potion            |       |       |       |    10 ||    10
 Stab: Sleeping          |     1 |     4 |     2 |     1 ||     8
       Paralysed         |       |     1 |       |       ||     1
       Confused          |       |       |     1 |       ||     1
       Petrifying        |       |       |       |     3 ||     3
       Petrified         |       |       |       |     2 ||     2
Armor: Robe              |     5 |    42 |    94 |   203 ||   344
Dodge: Dodged            |    28 |    74 |   170 |   466 ||   738

Table legend: (Time is in decaauts)
 A = Elapsed time spent in this place.
 B = Non-inter-level travel time spent in this place.
 C = Inter-level travel time spent in this place.
 D = Time resting spent in this place.
 E = Time spent auto-exploring this place.
 F = Levels seen in this place.
 G = Mean time per level.
                   A        B        C        D        E       F      G
               +--------+--------+--------+--------+--------+-----+--------+
         Total |  19334 |  18801 |    533 |   7448 |   7585 |  16 | 1208.4 |
       Dungeon |  15994 |  15488 |    506 |   5543 |   7080 |  12 | 1332.8 |
  Orcish Mines |   1317 |   1290 |     27 |    709 |    281 |   2 |  658.5 |
        Bailey |    936 |    936 |      0 |    437 |    216 |   1 |  936.0 |
      Gauntlet |   1085 |   1085 |      0 |    759 |      8 |   1 | 1085.0 |
               +--------+--------+--------+--------+--------+-----+--------+

Top non-repeatable levels by time:
     D:9: 2724 daAuts
     D:6: 1685 daAuts
     D:7: 1507 daAuts
     D:2: 1420 daAuts
     D:3: 1381 daAuts
     D:8: 1380 daAuts
     D:1: 1361 daAuts
     D:5: 1343 daAuts
    D:10: 1300 daAuts
Gauntlet: 1085 daAuts
     D:4: 1002 daAuts
   Orc:1: 962 daAuts
  Bailey: 936 daAuts
    D:11: 835 daAuts
   Orc:2: 355 daAuts
